Map: 2000 애트모스피어 - 래더

Players

Trap - Winner!

  • Race: Protoss Protoss

Zest

  • Race: Protoss Protoss

Event: IEM Katowice 2022

VOD

Have the link to the VOD?

Description

Time

  • Played on: Feb. 25, 2022, 5:17 a.m.
  • Length: 8:55

All games in this series

Show
View Real Time Build Order
Export as new Build Order

Trap Protoss - Winner!

Build Orders:  

Get SALT Encoding   

  12  0:00  Probe  
  13  0:12  Probe  
  14  0:17  Pylon  
  14  0:24  Probe (Chrono Boost)  
  15  0:36  Gateway, Probe (Chrono Boost)  
  16  0:44  Probe (Chrono Boost)  
  16  0:46  Assimilator  
  17  0:50  Probe  
  18  1:00  Assimilator  
  18  1:03  Probe (Chrono Boost)  
  19  1:07  Gateway  
  19  1:12  Probe (Chrono Boost)  
  19  1:17  Probe (Chrono Boost)  
  20  1:24  Cybernetics Core  
  21  1:29  Probe  
  22  1:35  Pylon  
  22  1:41  Probe  
  23  1:53  Probe  
  24  1:59  Warp Gate (Chrono Boost)  
  24  2:00  Stalker x2  
  28  2:12  Shield Battery  
  28  2:16  Pylon  
  28  2:24  Pylon  
  28  2:31  Stalker  
  28  2:35  Stalker  
  32  2:42  Gateway  
  32  3:01  Stalker  
  32  3:05  Stalker  
  34  3:29  Pylon  
  34  3:30  Nexus  
  33  3:51  Stalker x2  
  33  3:52  Stalker  
  39  4:04  Robotics Facility  
  39  4:18  Probe  
  39  4:21  Stalker x2  
  44  4:30  Probe  
  44  4:31  Sentry  
  47  4:43  Probe  
  46  4:48  Immortal (Chrono Boost)  
  50  4:56  Stalker  
  52  5:05  Probe  
  54  5:07  Probe  
  54  5:08  Shield Battery  
  54  5:20  Pylon  
  54  5:24  Twilight Council  
  54  5:27  Probe  
  54  5:28  Probe  
  54  5:38  Immortal  
  54  5:40  Probe (Chrono Boost)  
  59  5:44  Probe (Chrono Boost)  
  60  5:52  Probe (Chrono Boost)  
  60  5:53  Pylon  
  60  5:54  Probe (Chrono Boost)  
  62  5:59  Blink (Chrono Boost)  
  62  6:11  Probe (Chrono Boost)  
  62  6:12  Sentry, Probe (Chrono Boost)  
  62  6:13  Assimilator  
  62  6:18  Pylon, Observer  
  67  6:23  Probe (Chrono Boost)  
  69  6:29  Probe (Chrono Boost)  
  69  6:31  Probe (Chrono Boost)  
  69  6:32  Pylon  
  70  6:37  Probe  
  70  6:38  Probe  
  70  6:39  Warp Prism (Chrono Boost), Sentry x2  
  78  6:44  Pylon  
  78  6:50  Probe x2  
  80  7:07  Pylon  
  80  7:08  Immortal (Chrono Boost), Gateway  
  80  7:13  Gateway  
  84  7:18  Gateway  
  84  7:24  Gateway  
  84  7:30  Stalker x2  
  84  7:33  Stalker  
  90  7:41  Pylon  
  90  7:46  Immortal (Chrono Boost)  
  94  7:59  Stalker x3  
  100  8:06  Pylon  
  100  8:14  Stalker x3  
  100  8:19  Stalker  
  92  8:35  Stalker x3  
  88  8:50  Stalker x2  
Show
View Real Time Build Order
Export as new Build Order

Zest Protoss 

Build Orders: Blink Stalkers 

Get SALT Encoding   

  12  0:00  Probe  
  13  0:12  Probe  
  14  0:17  Pylon  
  14  0:24  Probe (Chrono Boost)  
  15  0:36  Gateway, Probe (Chrono Boost)  
  16  0:44  Probe (Chrono Boost)  
  16  0:45  Assimilator  
  17  0:50  Probe  
  18  1:03  Probe (Chrono Boost)  
  19  1:04  Assimilator  
  19  1:07  Gateway  
  20  1:12  Probe (Chrono Boost)  
  20  1:17  Probe (Chrono Boost)  
  20  1:23  Cybernetics Core  
  21  1:29  Probe  
  22  1:37  Pylon  
  22  1:41  Probe  
  23  1:55  Probe  
  23  1:59  Stalker x2  
  23  2:01  Warp Gate  
  28  2:14  Pylon  
  28  2:29  Stalker  
  30  2:32  Stalker  
  31  2:55  Nexus  
  31  3:04  Sentry  
  31  3:05  Twilight Council  
  33  3:09  Probe  
  34  3:20  Pylon  
  34  3:21  Probe  
  35  3:33  Probe  
  36  3:36  Blink (Chrono Boost)  
  36  3:45  Probe  
  37  3:49  Stalker  
  37  3:50  Stalker  
  41  3:57  Probe  
  42  4:08  Probe  
  43  4:13  Stalker x2  
  47  4:31  Nexus  
  47  4:35  Pylon  
  47  4:56  Pylon  
  47  4:59  Pylon  
  47  5:05  Nexus  
  47  5:14  Nexus, Probe (Chrono Boost)  
  47  5:20  Sentry  
  50  5:25  Probe (Chrono Boost)  
  50  5:28  Phoenix  
  51  5:30  Probe (Chrono Boost)  
  51  5:32  Sentry  
  54  5:36  Gateway  
  54  5:40  Probe  
  55  5:52  Sentry  
  55  5:53  Gateway, Probe  
  55  5:55  Phoenix  
  58  6:04  Pylon  
  58  6:05  Probe  
  59  6:14  Pylon  
  59  6:18  Robotics Facility  
  59  6:24  Probe x2  
  61  6:27  Probe, Shield Battery  
  61  6:32  Sentry  
  64  6:33  Sentry  
  64  6:35  Stalker  
  64  6:39  Shield Battery  
  68  6:40  Probe  
  68  6:41  Probe  
  68  6:43  Probe  
  71  6:57  Probe (Chrono Boost)  
  71  6:58  Probe x2 (Chrono Boost)  
  74  7:02  Phoenix  
  74  7:04  Immortal (Chrono Boost)  
  81  7:09  Probe x3 (Chrono Boost)  
  81  7:10  Shield Battery  
  81  7:14  Probe x3 (Chrono Boost)  
  84  7:23  Stalker x4  
  92  7:33  Immortal (Chrono Boost)  
  96  7:47  Stalker x3  
  102  7:52  Gateway  
  102  7:54  Gateway  
  102  8:02  Stalker  
  102  8:03  Warp Prism (Chrono Boost)  
  106  8:14  Probe  
  107  8:21  Gateway x2  
  107  8:23  Pylon  
  107  8:25  Pylon  
  107  8:26  Observer (Chrono Boost)  
  101  8:32  Stalker, Zealot  
  101  8:33  Zealot  
  78  8:46  Stalker  
  58  8:51  Zealot x2  

Tags
 
Add a new tag
Caveats
  • Supply blocks, unpowered buildings, or Contaminate may cause inaccurate times.
  • Supply counts are checked every 10 seconds.